 Dungeon Crawl Stone Soup version 0.31-a0-795-g5eb97db20b (webtiles) character file.

Game seed: 7073030470393957136

294 dohliylev the Chopper (level 6, -1/55 HPs)
             Began as a Minotaur Berserker on Sept 18, 2023.
             Was a Priest of Trog.
             Slain by UltraNumeron's ghost (13 damage)
             ... on level 3 of the Dungeon.
             The game lasted 00:05:26 (2555 turns).

dohliylev the Chopper (Minotaur Berserker)          Turns: 2555, Time: 00:05:27

Health: -1/55      AC:  7    Str: 23    XL:     6   Next: 11%
Magic:  5/5        EV: 11    Int:  4    God:    Trog [***...]
Gold:   98         SH:  3    Dex: 10    Spells: 5/5 levels left

rFire   . . .        a - +0 hand axe
rCold   . . .        j - +0 buckler
rNeg    . . .        o - +0 ring mail
rPois   .            (helmet restricted)
rElec   .            k - scarf {harm}
rCorr   .            i - +0 pair of gloves
SInv    .            (no boots)
Will    ++...        (no amulet) Stlth
                     (no ring)
HPRegen 1.29/turn    (no ring)
MPRegen 0.09/turn

%: harm (+30% outgoing, +20% incoming)
@: strong-willed, on berserk cooldown, regenerating, slowed, very slow
A: horns 2, retaliatory headbutt
a: Renounce Religion, Berserk, Trog's Hand


You were on level 3 of the Dungeon.
You worshipped Trog.
Trog was most pleased with you.
You visited 1 branch of the dungeon, and saw 3 of its levels.

You collected 98 gold pieces.

Inventory:

Hand Weapons
 a - a +0 hand axe (weapon)
Missiles
 w - 6 silver javelins
Armour
 i - a +0 pair of gloves (worn)
 j - a +0 buckler (worn)
 k - a scarf of harm (worn)
 o - a +0 ring mail (worn)
Scrolls
 e - a scroll of blinking {unknown}
 f - 2 scrolls of immolation {unknown}
 g - 2 scrolls of amnesia {unknown}
 h - a scroll of poison {unknown}
 m - 2 scrolls of fog {unknown}
 n - 2 scrolls of identify {unknown}
 p - a scroll of vulnerability {unknown}
 t - a scroll of noise {unknown}
 u - 2 scrolls of summoning {unknown}
Potions
 b - a potion of curing {unknown}
 c - 3 potions of lignification {unknown}
 d - a potion of enlightenment {unknown}
 l - a potion of attraction {unknown}
 q - a potion of cancellation {unknown}
 r - a potion of ambrosia {unknown}
 s - 2 potions of might {unknown}
 v - a potion of resistance {unknown}


   Skills:
 + Level 4.8 Fighting
 + Level 6.0 Axes
 + Level 4.3 Armour
 + Level 3.1 Dodging
 + Level 0.7 Shields


You had 5 spell levels left.
You didn't know any spells.
Your spell library was empty.

Dungeon Overview and Level Annotations

Branches:
Dungeon (3/15)

Altars:
Nemelex Xobeh
Qazlal

Annotations:
D:3 UltraNumeron's ghost, amateur HOFi


Innate Abilities, Weirdness & Mutations

You have a pair of horns on your head.
You reflexively headbutt those who attack you in melee.


Message History

UltraNumeron's ghost screams, "I'll kill anyone who wants the ORB!"
You slash the adder simulacrum!
The adder simulacrum vaporises!
Trog accepts your kill.
You barely miss the jackal simulacrum. You headbutt the jackal simulacrum.
The jackal simulacrum vaporises!
Trog accepts your kill.
Okay, then.
You feel a strong urge to attack something.
You slice UltraNumeron's ghost!!
Your headbutt misses UltraNumeron's ghost.
UltraNumeron's ghost is heavily damaged.
You are no longer berserk.
You are exhausted.
You feel yourself slow down.
UltraNumeron's ghost closely misses you.
Your skin crawls.
You feel strong-willed.
You block UltraNumeron's ghost's attack.
You hit UltraNumeron's ghost but do no damage.
UltraNumeron's ghost is heavily damaged.
You block UltraNumeron's ghost's attack.
UltraNumeron's ghost hits you!
You hit UltraNumeron's ghost but do no damage.
You headbutt UltraNumeron's ghost!
UltraNumeron's ghost is severely damaged.
You block UltraNumeron's ghost's attack.
You hit UltraNumeron's ghost.
UltraNumeron's ghost is severely damaged.
UltraNumeron's ghost hits you but does no damage.
UltraNumeron's ghost hits you!
You hit UltraNumeron's ghost but do no damage.
You headbutt UltraNumeron's ghost, but do no damage.
UltraNumeron's ghost is severely damaged.
UltraNumeron's ghost hits you!
* * * LOW HITPOINT WARNING * * *
You hit UltraNumeron's ghost but do no damage.
UltraNumeron's ghost is severely damaged.
UltraNumeron's ghost hits you!
You die...

#..#..Z###....##....# #.#######
#..#.....##....#...## #.# #
...##.....#....#..## #.# #
....#.....##...'..# #.# #
##..#Z..=.$#...'..# #.#######
#.##.#.(.$#...'..# #.......)
#.#..# ..##...#Z## #########
#.#..# #....#W# #
#.#...###....##@################
##.##.......###..##..............
#...###...###...###>#############
......#####....## #.#
#...........##.# #.#
##...#....####.# #.# ..>.##.####
#.# #.# ###.##.# #.# #.# ####
###.##.# #.# #.# #####..^


You could see UltraNumeron's ghost and a ball python simulacrum.

Vanquished Creatures
  A sky beast (D:3)
  A water moccasin simulacrum (D:3)
  11 adders
  A worm (D:3)
  3 dart slugs
  An adder simulacrum (D:3)
  6 orcs (D:3)
  4 endoplasms
  4 giant cockroaches
  5 goblins
  4 hobgoblins
  7 kobolds
  2 quokkas (D:1)
  3 ball pythons
  6 bats
  A frilled lizard (D:2)
  A jackal simulacrum (D:3)
  3 rats
64 creatures vanquished.

Notes
Turn   | Place    | Note
-------+----------+-------------------------------------------
     0 | D:1      | dohliylev the Minotaur Berserker began the quest for the
                  | Orb.
     0 | D:1      | Reached XP level 1. HP: 19/19 MP: 0/0
   220 | D:1      | Reached XP level 2. HP: 26/27 MP: 1/1
   247 | D:1      | Reached skill level 4 in Axes
   284 | D:1      | Found a faded altar of an unknown god.
   494 | D:1      | Reached ** piety under Trog
   725 | D:2      | Reached XP level 3. HP: 24/33 MP: 2/2
  1136 | D:2      | Reached XP level 4. HP: 41/41 MP: 3/3
  1606 | D:3      | Reached skill level 5 in Axes
  1727 | D:3      | Found a sparkling altar of Nemelex Xobeh.
  1830 | D:3      | Found a runed translucent gate.
  1830 | D:3      | Found a runed translucent gate.
  1830 | D:3      | Found a runed translucent gate.
  1870 | D:3      | Noticed UltraNumeron's ghost (amateur HOFi)
  2091 | D:3      | Reached XP level 5. HP: 41/47 MP: 4/4
  2130 | D:3      | Reached *** piety under Trog
  2328 | D:3      | Found a stormy altar of Qazlal.
  2328 | D:3      | Noticed a sky beast
  2345 | D:3      | Killed a sky beast
  2542 | D:3      | Reached skill level 6 in Axes
  2542 | D:3      | Reached XP level 6. HP: 45/55 MP: 5/5
  2555 | D:3      | Slain by UltraNumeron's ghost

Illustrated notes

Levels and vault maps discovered:
D:1:      wheals_arrival_linesprint, layout_rooms, basic_ecumenical_altar,
          chequers_avenue, st_stairs_12, chequers_serial_rivers_small_3
D:2:      layout_basic, minmay_tripent
D:3:      layout_loops_ring, nemelex_diamond_rough_becter,
          nicolae_qazlal_beasts_of_the_sky, gammafunk_ghost_icy

Skill      XL: |  1  2  3  4  5 |
---------------+----------------+-----
Axes           | 4 5 6 |  6.0
Fighting       | 4 |  4.8
Armour         | 3 4 |  4.3
Dodging        | 3 |  3.1
Shields        | |  0.7

Action                     |  1- 3 |  4- 6 || total
---------------------------+-------+-------++-------
  Melee: Hand axe          |    54 |   127 ||   181
         Headbutt          |     8 |    11 ||    19
         Unarmed           |       |     2 ||     2
 Invoke: Berserk           |       |     2 ||     2
         Trog's Hand       |       |     1 ||     1
 Armour: Leather armour    |    29 |       ||    29
         Animal skin       |     1 |       ||     1
         Ring mail         |     3 |    72 ||    75
  Dodge: Dodged            |    33 |    63 ||    96
  Block: Buckler           |     4 |    17 ||    21
         Form:             |       |     1 ||     1
         Blade             |       |     1 ||     1

Table legend: (Time is in decaauts)
 A = Elapsed time spent in this place.
 B = Non-inter-level travel time spent in this place.
 C = Inter-level travel time spent in this place.
 D = Time resting spent in this place.
 E = Time spent auto-exploring this place.
 F = Levels seen in this place.
 G = Mean time per level.
                   A        B        C        D        E       F      G
               +--------+--------+--------+--------+--------+-----+--------+
         Total |   2581 |   2457 |    124 |    239 |   1592 |   3 |  860.3 |
       Dungeon |   2581 |   2457 |    124 |    239 |   1592 |   3 |  860.3 |
               +--------+--------+--------+--------+--------+-----+--------+

Top non-repeatable levels by time:
     D:3: 996 daAuts
     D:2: 869 daAuts
     D:1: 715 daAuts
